 Dungeon Crawl Stone Soup version 0.25-a0-578-gc91f01c39c (webtiles) character file.

Game seed: 10726218383599242651, levelgen mode: deterministic

18825 MisterFreud the Nimble (level 12, -1/58 HPs)
             Began as a Felid Skald on Mar 5, 2020.
             Was a Follower of Uskayaw.
             Killed by nerve-wracking pain
             ... invoked by an orc priest
              (12 damage)
             ... on level 1 of the Orcish Mines.
             The game lasted 01:52:30 (34364 turns).

MisterFreud the Nimble (Felid Skald)               Turns: 34364, Time: 01:52:31

Health: -1/58      AC:  3    Str:  7    XL:     12   Next: 31%
Magic:  18/22      EV: 35    Int: 16    God:    Uskayaw [*.....]
Gold:   1873       SH:  0    Dex: 19    Spells: 4/23 levels left
                                        Lives:  0   Deaths: 2

rFire    . . .     SeeInvis +     - Unarmed
rCold    + . .     Gourm    .   (shield unavailable)
rNeg     . . .     Faith    .   (armour unavailable)
rPois    .         Spirit   .   (helmet unavailable)
rElec    .         Reflect  .   (cloak unavailable)
rCorr    .         Harm     .   (gloves unavailable)
MR       ++...                  (boots unavailable)
Stlth    ++++......             t - amulet of rage
HPRegen  0.19/turn              f - +4 ring of evasion
MPRegen  0.18/turn              j - ring of protection from magic

@: blade paws, quick
A: very small, no armour, no weapons or thrown items, stealth, claws 1, fangs 3,
see invisible, carnivore, speed 1, shaggy fur 3, slow metabolism 1
a: End Transformation, Stomp, Renounce Religion, Evoke Berserk Rage


You were on level 1 of the Orcish Mines.
You worshipped Uskayaw.
Uskayaw was aware of your devotion.
You were full.
You had blades for front paws.
You visited 4 branches of the dungeon, and saw 21 of its levels.
You also visited: Gauntlet and Ice Cave.

You collected 1968 gold pieces.
You spent 95 gold pieces at shops.

Inventory:

Jewellery
 f - a +4 ring of evasion (left scythe-like blade)
 j - a ring of protection from magic (right scythe-like blade)
 p - an uncursed ring of flight
 r - an uncursed ring of fire
 t - an amulet of rage (around neck)
 u - an uncursed ring of poison resistance
 v - an uncursed ring of stealth
 w - a +4 amulet of reflection
 G - an uncursed ring of magical power
 K - an uncursed ring of positive energy
 L - a cursed ring of fire
 M - an uncursed ring of stealth
 N - an uncursed ring of resist corrosion
 O - a +2 ring of intelligence
 P - an uncursed amulet of regeneration
Wands
 c - a wand of clouds (4)
 B - a wand of flame (15)
 C - a wand of iceblast (14)
 F - a wand of polymorph (2)
 H - a wand of random effects (34)
 Q - a wand of digging (6)
 S - a wand of enslavement (6)
Scrolls
 a - 9 scrolls of remove curse
 e - 6 scrolls of amnesia
 k - 3 scrolls of fear
 m - 10 scrolls of teleportation
 n - 4 scrolls of magic mapping
 s - a scroll of silence
 y - a scroll of blinking
 E - a scroll of vulnerability
 I - a scroll of summoning
Potions
 d - 4 potions of heal wounds
 g - 4 potions of lignification
 h - 2 potions of haste
 i - 3 potions of ambrosia
 l - a potion of brilliance
 o - 4 potions of mutation
 q - 3 potions of stabbing
 x - 3 potions of berserk rage
 z - 6 potions of flight
 A - a potion of invisibility
 D - 2 potions of magic
 J - a potion of curing
 R - a potion of might
Comestibles
 b - 33 rations


   Skills:
 - Level 10.0 Fighting
 - Level 14.0 Dodging
 - Level 10.1 Stealth
 + Level 10.3 Unarmed Combat
 - Level 6.0 Spellcasting
 - Level 6.7 Charms
 + Level 2.2 Summonings
 - Level 3.1 Translocations
 - Level 10.0 Transmutations
 - Level 10.0 Invocations
 - Level 6.0 Evocations


You had 4 spell levels left.
You knew the following spells:

 Your Spells              Type           Power        Failure   Level  Hunger
a - Infusion              Chrm           ####         14%         1    None
b - Shroud of Golubria    Chrm/Tloc      ###...       24%         2    #......
c - Ozocubu's Armour      Chrm/Ice       ###.....     47%         3    ##.....
d - Blade Hands           Tmut           #####.....   36%         5    ######.
e - Passwall              Tmut/Erth      ###.....     24%         2    #......
f - Blink                 Tloc           N/A          34%         2    #......
g - Summon Lightning Spi  Summ/Air       #.......     94%         4    ####...

Your spell library contained the following spells:

 Spells                   Type           Power        Failure   Level  Hunger
 Beastly Appendage        Tmut           #####.       9%          1    None
 Sticks to Snakes         Tmut           #####...     11%         2    #......
 Song of Slaying          Chrm           ####....     17%         2    #......
 Summon Small Mammal      Summ           ##..         34%         1    None
 Spider Form              Tmut/Pois      ###.......   34%         3    ##.....
 Call Imp                 Summ           ##......     43%         2    #......
 Foxfire                  Conj/Fire      #...         54%         1    None
 Magic Dart               Conj           #...         54%         1    None
 Sandblast                Erth           #.....       54%         1    None
 Call Canine Familiar     Summ           ##......     58%         3    ##.....
 Ice Form                 Ice/Tmut       ###.....     58%         4    ####...
 Petrify                  Tmut/Erth      ###.....     58%         4    ####...
 Slow                     Hex            #.......     63%         2    #......
 Summon Guardian Golem    Hex/Summ       #.......     69%         3    ##.....
 Conjure Flame            Conj/Fire      #.......     80%         3    ##.....
 Inner Flame              Hex/Fire       #.......     80%         3    ##.....
 Mephitic Cloud           Conj/Pois/Air  #.......     80%         3    ##.....
 Stone Arrow              Conj/Erth      #.....       80%         3    ##.....
 Summon Ice Beast         Ice/Summ       #.......     94%         4    ####...
 Sticky Flame             Conj/Fire      #.......     98%         4    ####...
 Fireball                 Conj/Fire      #.........   100%        5    ######.
 Lee's Rapid Deconstruct  Erth           #.........   100%        5    ######.
 Spectral Weapon          Hex/Chrm       Unusable     N/A         3    N/A

Dungeon Overview and Level Annotations

Branches:
Dungeon (14/15)            Temple (1/1) D:5            Lair (5/6) D:9
 Shoals (0/4) Lair:3       Spider (0/4) Lair:4          Orc (1/2) D:10
  IceCv (visited)         Gauntlet (visited)
  Slime: Lair:5-6    Vaults: D:13-14

Altars:
Ashenzari
Cheibriados
Dithmenos
Elyvilon
Fedhas
Gozag
Hepliaklqana
Kikubaaqudgha
Makhleb
Nemelex Xobeh
Okawaru
Qazlal
Ru
Sif Muna
Trog
Uskayaw
Vehumet
Wu Jian
Xom
Yredelemnul
Zin

Shops:
D:5 =   D:6 *   D:8 ?   D:9 %   D:12 [

Portals:
Trove: D:13 (give 3 potions of resistance)

Annotations:
D:3 1 runed translucent door, Flugslaktarn's ghost, weakling DDFi
D:9 exclusion: downstairs
D:11 3 runed translucent doors, EnegeticOcto's ghost, journeyman DDFi
Lair:4 Nessos
Lair:5 exclusion: oklob plant


Innate Abilities, Weirdness & Mutations

You cannot wear armour.
You are incapable of wielding weapons or throwing items.
Your paws allow you to move quietly. (Stealth)
You have sharp claws.
You have razor-sharp teeth.
You have supernaturally acute eyesight. (SInv)
You are carnivorous and can eat meat at any time.
You cover ground quickly.
Your thick and shaggy fur keeps you warm. (AC +3, rC+)
You have a slow metabolism.
((Your sharp claws are effective at attacking unaware monsters.))


Message History

Your front paws turn into razor-sharp scythe blades.
You climb downwards.
Welcome back to the Orcish Mines!
The orc warrior throws a boomerang.
The boomerang completely misses you.
The weapon returns to the orc warrior!
The orc priest calls down the wrath of Beogh upon you.
Beogh smites you! The orc warrior completely misses you.
There is a staircase back to the Dungeon, spattered with blood here.
Unknown command.
You hit the orc warrior but do no damage.
The orc priest invokes the aid of Beogh against you.
Beogh smites you! The orc closely misses you.
The orc warrior hits you with a +0 battleaxe!
* * * LOW HITPOINT WARNING * * *
The orc wizard shouts!
You are too injured to fight recklessly!
The orc wizard hits you with a +0 dagger.
* * * LOW HITPOINT WARNING * * *
The orc priest mumbles some strange prayers to Beogh against you.
Pain shoots through your body!
You die...

.....#.........
...............
...............
.....>....$.#..
#..........#...
.....o.........
.....#)........
.....ooo#......
...o..>@.#
.....ooo.....^.
...............
...............
...o.o.......##
............##
............#
...........##


You could see 2 orc warriors, 3 orc priests, 4 orc wizards and an orc.

Vanquished Creatures
  Azrael (D:14)
  A fire dragon (Lair:5)
  Josephine (D:11)
  2 ice dragons (IceCv)
  Fannar (D:10)
  3 hydras
  Erica (D:11)
  6 two-headed ogres
  A fire crab (Lair:4)
  3 unseen horrors
  A wolf spider zombie (D:14)
  2 ugly things
  3 manticores
  3 cyclopes
  2 ice statues (IceCv)
  Joseph (D:9)
  6 spiny frogs
  A gargoyle (D:14)
  4 black mambas
  4 elephants (Lair:2)
  2 rime drakes (IceCv)
  6 komodo dragons
  3 polar bears
  A merfolk (D:10)
  A harpy zombie (D:14)
  3 trolls
  8 hippogriffs
  2 hornets
  11 blink frogs (Lair:4)
  10 slime creatures (D:12)
  2 shadows
  A vampire (D:14)
  12 yaks
  3 wraiths (D:11)
  5 wyverns
  4 basilisks
  4 fire bats (Lair:5)
  4 fire elementals
  2 hungry ghosts (D:11)
  3 vampire mosquitoes (D:14)
  Menkaure (D:5)
  Edmund (D:6)
  2 wargs (D:9)
  An acid dragon (D:14)
  3 hell hounds (D:14)
  8 water moccasins
  10 porcupines
  5 eyes of draining
  14 orc warriors
  A necrophage (D:8)
  19 ice beasts
  5 sky beasts
  6 ogres
  A phantom (D:7)
  7 centaurs
  10 crocodiles
  4 big kobolds
  2 gnoll sergeants
  9 bullfrogs
  5 killer bees (D:9)
  2 scorpions (D:9)
  8 wights
  3 howler monkeys (D:12)
  An electric eel (Lair:5)
  A bullfrog zombie (D:13)
  2 crimson imps
  A lava snake (Lair:5)
  3 centaur zombies
  12 orc priests
  9 hounds
  A jelly (D:8)
  7 centaur skeletons
  2 gnoll shamans
  15 orc wizards
  4 iguanas
  7 worker ants
  A hound zombie (D:5)
  3 hound skeletons
  Robin (D:2)
  A worker ant zombie (D:7)
  23 gnolls
  14 adders
  2 shadow imps
  An ooze (D:2)
  2 adder zombies
  2 worms
  A dart slug (D:2)
  8 leopard geckos
  84 orcs
  2 ball pythons (D:2)
  8 bats
  2 giant cockroaches
  7 hobgoblins
  9 jackals
  3 quokkas
  6 frilled lizards
  15 goblins
  A jackal skeleton (D:5)
  26 kobolds
  A quokka skeleton (D:9)
  2 quokka zombies
  5 rats
  A bush (Lair:3)
557 creatures vanquished.

Vanquished Creatures (others)
  A worker ant (D:14)
  4 fungi
  8 plants
13 creatures vanquished.

Grand Total: 570 creatures vanquished

Notes
Turn   | Place    | Note
-------+----------+-------------------------------------------
     0 | D:1      | MisterFreud the Felid Skald began the quest for the Orb.
     0 | D:1      | Reached XP level 1. HP: 9/9 MP: 4/4
   150 | D:1      | Found a shattered altar of Ashenzari.
   586 | D:1      | Reached XP level 2. HP: 7/13 MP: 1/6
  1967 | D:2      | Reached XP level 3. HP: 15/18 MP: 2/7
  2138 | D:2      | Learned a level 2 spell: Shroud of Golubria
  2356 | D:2      | Noticed Robin
  2372 | D:2      | Reached XP level 4. HP: 10/22 MP: 2/8
  2566 | D:2      | Killed Robin
  3146 | D:2      | Reached skill level 4 in Dodging
  3460 | D:3      | Found a runed translucent door.
  3576 | D:3      | Found a bloodstained altar of Trog.
  3602 | D:3      | Found a shadowy altar of Dithmenos.
  3728 | D:3      | Found a shimmering altar of Xom.
  4063 | D:3      | Noticed Flugslaktarn's ghost (weakling DDFi)
  4126 | D:4      | Found an ancient bone altar of Kikubaaqudgha.
  4141 | D:4      | Reached skill level 1 in Stealth
  4141 | D:4      | Reached XP level 5. HP: 13/25 MP: 1/9
  4456 | D:4      | Noticed an ogre
  4487 | D:4      | Killed an ogre
  4487 | D:4      | Reached skill level 5 in Dodging
  4600 | D:4      | Gained mutation: You are covered in thick fur. (AC +2)
                  | [Felid growth]
  4600 | D:4      | Reached XP level 6. HP: 21/28 MP: 4/10
  4773 | D:4      | Reached skill level 1 in Evocations
  5070 | D:4      | Reached XP level 7. HP: 32/32 MP: 3/11
  5240 | D:4      | Reached skill level 6 in Dodging
  5658 | D:5      | Entered Level 5 of the Dungeon
  5730 | D:5      | Found a white marble altar of Elyvilon.
  6273 | D:5      | Found a basalt altar of Yredelemnul.
  6321 | D:5      | Noticed Menkaure
  6558 | D:5      | Killed Menkaure
  6558 | D:5      | Reached skill level 7 in Dodging
  6688 | D:5      | Found a staircase to the Ecumenical Temple.
  6703 | Temple   | Entered the Ecumenical Temple
  6771 | Temple   | Became a worshipper of Uskayaw the Reveler
  6812 | D:5      | Reached * piety under Uskayaw
  6895 | D:5      | Reached ** piety under Uskayaw
  7210 | D:5      | Found a blossoming altar of Fedhas.
  7220 | D:5      | Reached *** piety under Uskayaw
  7226 | D:5      | Reached skill level 8 in Dodging
  7226 | D:5      | Reached XP level 8. HP: 23/36 MP: 3/12
  7226 | D:5      | Reached **** piety under Uskayaw
  7671 | D:5      | Found Bacheewkoi's Jewellery Boutique.
  7722 | D:6      | Noticed Edmund
  7916 | D:6      | Killed Edmund
  7983 | D:6      | Reached skill level 9 in Dodging
  8250 | D:6      | Found Fuenku's Elemental Accessories.
  8278 | D:6      | Reached skill level 1 in Invocations
  9112 | D:7      | Reached skill level 10 in Dodging
  9177 | D:7      | Learned a level 3 spell: Ozocubu's Armour
  9792 | D:6      | Reached XP level 9. HP: 39/39 MP: 3/13
 10508 | D:7      | Reached skill level 5 in Unarmed Combat
 10628 | D:7      | Reached skill level 5 in Charms
 11287 | D:8      | Noticed a two-headed ogre
 11295 | D:8      | Killed a two-headed ogre
 12071 | D:8      | Noticed a two-headed ogre
 12249 | D:7      | Learned a level 5 spell: Blade Hands
 12276 | D:8      | Killed a two-headed ogre
 12276 | D:8      | Reached skill level 5 in Fighting
 12276 | D:8      | Reached XP level 10. HP: 44/44 MP: 11/18
 12431 | D:8      | Found Haicig's Magic Scroll Emporium.
 12442 | D:8      | Bought a scroll of fear for 35 gold pieces
 12442 | D:8      | Bought a scroll of identify for 20 gold pieces
 12442 | D:8      | Bought a scroll of identify for 20 gold pieces
 12442 | D:8      | Bought a scroll of identify for 20 gold pieces
 12890 | D:9      | Noticed a two-headed ogre
 13188 | D:9      | Noticed Joseph
 13203 | D:9      | Killed Joseph
 13388 | D:9      | Killed a two-headed ogre
 13791 | D:9      | Found a staircase to the Lair.
 13882 | D:8      | Reached skill level 5 in Spellcasting
 14980 | D:9      | Found an ancient bone altar of Kikubaaqudgha.
 15132 | D:9      | Found Awosui Vany's Food Shoppe.
 15822 | D:10     | Entered Level 10 of the Dungeon
 15859 | D:10     | Noticed Fannar
 16215 | Lair:1   | Entered Level 1 of the Lair of Beasts
 16217 | Lair:1   | Noticed a spiny frog
 16225 | Lair:1   | You fall into a shaft and drop 1 floor!
 16232 | Lair:2   | Reached XP level 11. HP: 30/48 MP: 20/20
 16516 | Lair:2   | Learned a level 2 spell: Passwall
 17860 | Lair:1   | Reached skill level 10 in Transmutations
 17963 | Lair:1   | Noticed a six-headed hydra
 17984 | Lair:1   | Killed a six-headed hydra
 18634 | Lair:2   | Reached ***** piety under Uskayaw
 19405 | Lair:3   | Found a staircase to the Shoals.
 19737 | Lair:3   | Reached skill level 5 in Stealth
 20675 | Lair:3   | Gained mutation: Your thick and shaggy fur keeps you warm.
                  | (AC +3, rC+) [Felid growth]
 20675 | Lair:3   | Reached XP level 12. HP: 20/55 MP: 14/22
 21759 | Lair:4   | Noticed Nessos
 21859 | Lair:4   | Reached skill level 5 in Invocations
 22019 | Lair:4   | Found a hole to the Spider Nest.
 23816 | Lair:5   | Noticed a fire dragon
 24373 | Lair:5   | Reached skill level 11 in Dodging
 25029 | Lair:5   | Killed a fire dragon
 25029 | Lair:5   | Reached skill level 12 in Dodging
 25513 | D:10     | Found a staircase to the Orcish Mines.
 25550 | D:10     | Killed Fannar
 25550 | D:10     | Reached skill level 13 in Dodging
 26338 | D:10     | Found a white marble altar of Elyvilon.
 26601 | D:11     | Reached XP level 13. HP: 58/58 MP: 15/23
 26630 | D:11     | Found a frozen archway.
 26644 | D:11     | Reached skill level 14 in Dodging
 26675 | IceCv    | Entered an ice cave
 27866 | D:11     | Noticed Erica
 27877 | D:11     | Killed Erica
 27903 | D:11     | Found a runed translucent gate.
 27904 | D:11     | Found a runed translucent gate.
 27905 | D:11     | Found a runed translucent gate.
 27907 | D:11     | Found an opulent altar of Gozag.
 27908 | D:11     | Noticed EnegeticOcto's ghost (journeyman DDFi)
 28284 | D:11     | Paralysed by a hornet for 1 turns
 28530 | D:10     | Found a shimmering blue altar of Sif Muna.
 28599 | D:11     | Noticed Josephine
 28631 | D:11     | Killed Josephine
 30566 | D:12     | Found Eroext's Antique Armour Boutique.
 31705 | D:13     | Found a portal to a secret trove of treasure.
 31951 | D:14     | Found a gate leading to a gauntlet.
 31958 | Gauntlet | Entered a Gauntlet
 31958 | Gauntlet | Found a transporter.
 31958 | Gauntlet | Found a runed translucent gate.
 31958 | Gauntlet | Found a runed translucent gate.
 31961 | Gauntlet | Found a runed translucent gate.
 31961 | Gauntlet | Found a transporter.
 31963 | Gauntlet | Found a transporter.
 31978 | Gauntlet | Found a transporter.
 31980 | Gauntlet | Found a transporter.
 31990 | Gauntlet | Found a transporter.
 32007 | Gauntlet | Found a transporter.
 32017 | Gauntlet | Found a transporter.
 32027 | Gauntlet | Found a transporter.
 32042 | Gauntlet | Found a transporter.
 32056 | Gauntlet | Found a runed translucent door.
 32057 | Gauntlet | Found a transporter.
 32057 | Gauntlet | Found a transporter.
 32058 | Gauntlet | Found a runed translucent door.
 32400 | D:14     | Reached skill level 10 in Invocations
 32586 | D:14     | Reached XP level 14. HP: 65/65 MP: 24/24
 32619 | D:14     | Reached skill level 10 in Fighting
 32663 | D:14     | Reached skill level 10 in Stealth
 32663 | D:14     | Reached skill level 10 in Unarmed Combat
 32885 | D:14     | Noticed Azrael
 32889 | D:14     | Reached skill level 5 in Evocations
 32918 | D:14     | Killed Azrael
 33133 | D:14     | Learned a level 2 spell: Blink
 33138 | D:14     | Learned a level 4 spell: Summon Lightning Spire
 33317 | D:14     | Reached skill level 1 in Summonings
 33499 | D:14     | Killed from afar by an efreet
 33500 | D:14     | Reached XP level 13. HP: -8/61 MP: 19/23
 33563 | D:14     | Killed from afar by an efreet
 33564 | D:14     | Reached XP level 12. HP: -3/87 MP: 17/22
 33628 | D:14     | Paralysed by a hornet for 3 turns
 34018 | Orc:1    | Entered Level 1 of the Orcish Mines
 34364 | Orc:1    | Killed from afar by an orc priest

Levels and vault maps discovered:
D:1:      psy_arrival_dodecagon, layout_loops_ring, nicolae_ashenzari_panopticon
D:2:      layout_rooms, first_ration, uniq_robin
D:3:      layout_rooms, old_standard_altar, ebering_ghost_reflecting_pool,
          kennysheep_flooded_box, grunt_dithmenos_smoke_and_mirrors
D:4:      layout_cave_pools, kennysheep_mini
D:5:      layout_gridville, kennysheep_ying_yang, lemuel_doored_altar,
          minmay_temple_entry_glassed_door, serial_shops, shop_fountains,
          uniq_menkaure
D:6:      layout_gridville, nicolae_elemental_shop, uniq_edmund
D:7:      layout_basic, lightli_orcish_oven
D:8:      layout_cave_pools, serial_shops, shop
D:9:      layout_basic, erik_lair_orcish_takeover, serial_shops,
          kennysheep_little_box, basic_altar, uniq_joseph
D:10:     lemuel_upstairs_altar, layout_small_grid, hiddenorc2_lemuel,
          hangedman_fish_farm, elyvilon_altar_5, uniq_fannar
D:11:     layout_cave_pods, portal_ice_cave_entry_pillars_2,
          ebering_ghost_gozag, uniq_erica, uniq_josephine
D:12:     layout_irregular_city, serial_shops, shop_fountains, wad_dig_loot
D:13:     layout_layer_cave, enter_trove_6
D:14:     kennysheep_ambush_hall, layout_irregular_city,
          grunt_vaults_entry_fortified, gauntlet_entry_generic,
          serial_bayou_pond_e, kennysheep_small_circle, uniq_azrael, uniq_snorg
Temple:   nicolae_temple_elliptical
Lair:1:   layout_chaotic_city, minmay_stone_trees_medium, st_stairs_3
Lair:2:   layout_cave_pods, serial_bayou_shore_b
Lair:3:   layout_cave_pods, elwin_shoals_entry_rocks, beast_lair_carwin_3,
          lemuel_fruit_tree, grunt_megastairs_2
Lair:4:   layout_cave_pods, nicolae_spider_entry_orb_guardian, uniq_nessos
Lair:5:   dragon1_lemuel, layout_layer_cave, minmay_lair_oklob_chamber,
          infiniplex_staircase_pool
Orc:1:    layout_caves, basic_altar, serial_shops,
          nicolae_shop_overgrown_old_shop, gammafunk_ghost_cemetery, uniq_urug,
          uniq_gastronok, uniq_jorgrun, uniq_harold

Skill      XL: |  1  2  3  4  5  6  7  8  9 10 11 12 13 14 |
---------------+-------------------------------------------+-----
Fighting       | 3 4 5 6 8 9 10 | 10.0
Dodging        | 4 5 8 10 13 14 | 14.0
Unarmed Combat | 3 4 6 8 9 10 | 10.3
Stealth        | 1 2 4 7 8 9 10 | 10.1
Evocations     | 2 4 6 |  6.0
Invocations    | 4 8 10 | 10.0
Charms         | 4 6 |  6.7
Spellcasting   | 4 5 6 |  6.0
Translocations | 2 3 |  3.1
Transmutations | 2 7 10 | 10.0
Summonings     | 2 1 |  2.2

Action                   |  1- 3 |  4- 6 |  7- 9 | 10-12 | 13-15 || total
-------------------------+-------+-------+-------+-------+-------++-------
Melee: Unarmed           |   113 |   164 |   538 |   818 |   499 ||  2132
       Bite              |     3 |    10 |    45 |    91 |    64 ||   213
       Punch             |     1 |       |     9 |    22 |    18 ||    50
 Cast: Infusion          |    10 |    16 |    31 |     8 |       ||    65
       Shroud of Golubri |     4 |    16 |    48 |    41 |     4 ||   113
       Ozocubu's Armour  |       |       |       |    21 |     2 ||    23
       Blade Hands       |       |       |       |    60 |    44 ||   104
 Abil: Evoke Berserk Rag |       |       |    14 |    12 |     6 ||    32
       Evoke Flight      |       |       |       |     1 |     1 ||     2
       End Transformatio |       |       |       |       |     1 ||     1
Evoke: Wand              |       |       |       |    10 |    13 ||    23
  Use: Scroll            |     4 |     2 |    13 |    10 |     5 ||    34
       Potion            |       |       |     2 |     5 |     2 ||     9
 Stab: Sleeping          |     4 |     7 |     7 |    23 |    15 ||    56
       Paralysed         |       |       |    10 |    37 |    27 ||    74
       Distracted        |       |       |     2 |       |     1 ||     3
       Held in net/web   |       |       |       |     1 |       ||     1
  Eat: Chunk             |    11 |     6 |    30 |    65 |    43 ||   155
Armor: Skin              |     1 |     9 |     9 |    21 |    15 ||    55
Dodge: Dodged            |    89 |   150 |   554 |   784 |   489 ||  2066

Table legend:
 A = Non-vault XP
 B = Vault XP
 C = Vault XP percentage of total XP
 D = Non-vault monster count
 E = Vault monster count
 F = Vault count percentage of total count
                 A         B        C        D         E       F
            +---------+---------+-------+---------+---------+-------
      Total |   52016 |   21745 |  29.5 |     436 |     120 |  21.6
            +---------+---------+-------+---------+---------+-------
        D:1 |      34 |       0 |   0.0 |      22 |       0 |   0.0
        D:2 |      75 |      36 |  32.4 |      19 |      12 |  38.7
        D:3 |      53 |       0 |   0.0 |      16 |       0 |   0.0
        D:4 |     732 |       0 |   0.0 |      25 |       0 |   0.0
        D:5 |     404 |     172 |  29.9 |      21 |       1 |   4.5
        D:6 |     405 |     164 |  28.8 |      16 |       1 |   5.9
        D:7 |    1789 |     148 |   7.6 |      44 |       6 |  12.0
        D:8 |    2587 |     129 |   4.7 |      18 |       1 |   5.3
        D:9 |    3331 |     891 |  21.1 |      38 |       7 |  15.6
       D:10 |    2592 |    1465 |  36.1 |      42 |      34 |  44.7
       D:11 |    6129 |    2553 |  29.4 |      23 |       5 |  17.9
       D:12 |    5503 |     683 |  11.0 |      33 |       2 |   5.7
       D:13 |    1955 |       0 |   0.0 |      14 |       0 |   0.0
       D:14 |    8819 |    4743 |  35.0 |      33 |      13 |  28.3
     Lair:1 |    2870 |     544 |  15.9 |       8 |       2 |  20.0
     Lair:2 |    4059 |       0 |   0.0 |      16 |       0 |   0.0
     Lair:3 |    1525 |    1912 |  55.6 |       7 |       9 |  56.2
     Lair:4 |    5897 |     240 |   3.9 |      23 |       1 |   4.2
     Lair:5 |    3170 |    2503 |  44.1 |      15 |       6 |  28.6
      Orc:1 |      87 |       0 |   0.0 |       3 |       0 |   0.0
      IceCv |       0 |    5562 | 100.0 |       0 |      20 | 100.0
            +---------+---------+-------+---------+---------+-------
